 Dungeon Crawl Stone Soup version 0.25-a0-110-ge29c8f2358 (webtiles) character file.

Game seed: 1146163537342815335, levelgen mode: deterministic

155 Leeroy the Slasher (level 5, 0/41 HPs)
             Began as a Draconian Skald on Nov 19, 2019.
             Succumbed to a worker ant's poison
             ... on level 3 of the Dungeon.
             The game lasted 00:04:34 (2558 turns).

Leeroy the Slasher (Draconian Skald)                Turns: 2558, Time: 00:04:35

Health: 0/41       AC:  5    Str: 13    XL:     5   Next: 14%
Magic:  8/8        EV: 12    Int: 14    God:
Gold:   264        SH:  0    Dex: 11    Spells: 1/8 levels left

rFire    . . .     SeeInvis .   y - +2 dagger (freeze)
rCold    . . .     Gourm    .   (no shield)
rNeg     . . .     Faith    .   (armour unavailable)
rPois    .         Spirit   .   (helmet restricted)
rElec    .         Reflect  .   (no cloak)
rCorr    .         Harm     .   (no gloves)
MR       .....                  (no boots)
Stlth    +.........             (no amulet)
HPRegen  0.13/turn              (no ring)
MPRegen  0.11/turn              (no ring)

@: lethally poisoned (0 -> -7)
A: unfitting armour, cold-blooded, AC +5
a: no special abilities


You were on level 3 of the Dungeon.
You were not hungry.

You visited 1 branch of the dungeon, and saw 5 of its levels.

You collected 264 gold pieces.

Inventory:

Hand Weapons
 a - a +0 falchion
 v - a +0 dagger
 y - a +2 dagger of freezing (weapon)
Missiles
 w - 8 curare-tipped darts (quivered)
Jewellery
 b - a +2 ring of intelligence {unknown}
 r - an uncursed ring of flight {unknown}
 s - an uncursed ring of flight {unknown}
 A - an uncursed ring of see invisible {unknown}
Scrolls
 f - a scroll of remove curse {unknown}
 g - 2 scrolls of identify {unknown}
 i - 3 scrolls of fear {unknown}
 j - 2 scrolls of enchant weapon {unknown}
 l - 2 scrolls of teleportation {unknown}
 m - a scroll of magic mapping {unknown}
 q - a scroll of random uselessness {unknown}
 t - 2 scrolls of blinking {unknown}
 z - a scroll of enchant armour {unknown}
Potions
 d - 3 potions of invisibility {unknown}
 e - a potion of haste {unknown}
 h - a potion of curing {unknown}
 k - a potion of resistance {unknown}
 n - a potion of might
 o - a potion of heal wounds {unknown}
 p - a potion of agility {unknown}
 u - a potion of brilliance {unknown}
 x - a potion of lignification {unknown}
Comestibles
 c - 6 rations


   Skills:
 - Level 2.1 Fighting
 + Level 5.4 Long Blades
 - Level 2.1 Dodging
 - Level 2.0 Spellcasting
 - Level 2.6 Charms


You had one spell level left.
You knew the following spells:

 Your Spells              Type           Power        Failure   Level  Hunger
a - Infusion              Chrm           #...         8%          1    ##.....
b - Spectral Weapon       Hex/Chrm       #.......     38%         3    ####...
c - Regeneration          Chrm/Necr      #.........   38%         3    ####...

Your spell library contained the following spells:

 Spells                   Type           Power        Failure   Level  Hunger
 Beastly Appendage        Tmut           #.....       24%         1    ##.....
 Song of Slaying          Chrm           #.......     12%         2    ###....
 Shroud of Golubria       Chrm/Tloc      #.....       21%         2    ###....
 Sticks to Snakes         Tmut           #.......     34%         2    ###....
 Spider Form              Tmut/Pois      #.........   56%         3    ####...
 Ice Form                 Ice/Tmut       #.......     93%         4    #####..
 Blade Hands              Tmut           #.........   100%        5    ######.


Dungeon Overview and Level Annotations

Branches:
Dungeon (5/15)
 Temple: D:4-7

Altars:
Cheibriados
Elyvilon
Kikubaaqudgha
Sif Muna
Trog
Vehumet
Xom
Yredelemnul
Zin


Innate Abilities, Weirdness & Mutations

Your plain brown scales are hard. (AC +5)
You cannot fit into any form of body armour.
You are cold-blooded and may be slowed by cold attacks.


Message History

You see here a +0 club.
The worker ant barely misses you.
You feel sick.
You hit the worker ant. You freeze the worker ant.
The worker ant is moderately wounded.
The worker ant bites you.
* * * LOW HITPOINT WARNING * * *
Okay, then.
You feel sick. The worker ant bites you.
* * * LOW HITPOINT WARNING * * *
You feel sick.
You are no longer poisoned.
There is a stone staircase leading down here.
There are monsters nearby!
The worker ant bites you.
* * * LOW HITPOINT WARNING * * *
You are lethally poisoned!
The worker ant poisons you!
You die...

#.# ##.###.###.##.# #.#
##...##...)..#.#
#.###.....#..##..(.#####
#.........(............##
##########......................#
........#.._.#...##[.(......##..#
#######.#....###.#..........##..#
#......>lha..#<..............
#.#.###.###.@......####.#.#.#
#.#.# #.# #.###...## #.#.#..
#.#h# #.###......## #.#.### #.#.#
#....#####.# #.#.# #
#.#.#####........######.#.###
#.#)##..................#....
#....#.##........########..##
#.>.#..##.................<##
#..#.#.##........########..##


You could see a worker ant, a leopard gecko and a jackal.

Vanquished Creatures
  A bullfrog skeleton (D:4)
  6 adders
  An ooze (D:3)
  2 worms
  3 dart slugs (D:1)
  A leopard gecko (D:4)
  5 orcs
  3 giant cockroaches
  A goblin (D:1)
  6 hobgoblins
  5 jackals
  2 quokkas (D:3)
  6 bats
  2 frilled lizards
  8 kobolds
  5 rats
57 creatures vanquished.

Notes
Turn   | Place    | Note
-------+----------+-------------------------------------------
     0 | D:1      | Leeroy the Draconian Skald began the quest for the Orb.
     0 | D:1      | Reached XP level 1. HP: 17/17 MP: 3/3
    62 | D:1      | Reached XP level 2. HP: 17/24 MP: 5/5
    84 | D:1      | Reached skill level 3 in Long Blades
   453 | D:2      | Found a radiant altar of Vehumet.
   579 | D:2      | Found a basalt altar of Yredelemnul.
   596 | D:2      | Reached XP level 3. HP: 28/29 MP: 6/6
   713 | D:2      | Found a glowing silver altar of Zin.
  1239 | D:3      | Reached skill level 4 in Long Blades
  1400 | D:3      | Found a snail-covered altar of Cheibriados.
  1421 | D:3      | Reached XP level 4. HP: 28/36 MP: 7/7
  1426 | D:3      | Learned a level 3 spell: Spectral Weapon
  1430 | D:3      | Learned a level 3 spell: Regeneration
  1665 | D:3      | Found a shimmering altar of Xom.
  1672 | D:3      | Found an ancient bone altar of Kikubaaqudgha.
  2113 | D:4      | Reached skill level 5 in Long Blades
  2131 | D:4      | Reached XP level 5. HP: 15/41 MP: 8/8
  2169 | D:4      | Found a bloodstained altar of Trog.
  2169 | D:4      | Found a shimmering blue altar of Sif Muna.
  2347 | D:4      | Found a white marble altar of Elyvilon.
  2472 | D:5      | Entered Level 5 of the Dungeon
  2557 | D:3      | HP: 1/41 [worker ant (2)]
  2558 | D:3      | Succumbed to a worker ant's poison

Levels and vault maps discovered:
D:1:      scummos_arrival_hexagon, layout_rooms, kennysheep_boxes
D:2:      layout_loops_corners, lemuel_crystal_altar,
          nicolae_overflow_crystal_walls, old_standard_altar
D:3:      layout_loops_ring, minitemple, cheibriados_altar_1,
          kennysheep_nondescript
D:4:      layout_cave_pools, kennysheep_mini_moat,
          gammafunk_temple_overflow_wave
D:5:      layout_loops_ring, nicolae_overflow_hidden_temple,
          minmay_temple_entry_slanted, first_ration, uniq_crazy_yiuf_cottage,
          uniq_prince_ribbit1

Skill      XL: |  1  2  3  4 |
---------------+-------------+-----
Long Blades    | 3 4 5 |  5.4
Fighting       | |  2.1
Dodging        | |  2.1
Spellcasting   | |  2.0
Charms         | |  2.6

Action                   |  1- 3 |  4- 6 || total
-------------------------+-------+-------++-------
Melee: Falchion          |   133 |    46 ||   179
       Tailslap          |    17 |    12 ||    29
       Dagger            |       |    76 ||    76
  Eat: Chunk             |     1 |     1 ||     2
       Ration            |       |     1 ||     1
Armor: Skin              |    38 |    30 ||    68
Dodge: Dodged            |   108 |    92 ||   200
       Rpst.: Falchion   |    36 |    11 ||    47

Table legend:
 A = Non-vault XP
 B = Vault XP
 C = Vault XP percentage of total XP
 D = Non-vault monster count
 E = Vault monster count
 F = Vault count percentage of total count
                 A         B        C        D         E       F
            +---------+---------+-------+---------+---------+-------
      Total |     222 |       0 |   0.0 |      57 |       0 |   0.0
            +---------+---------+-------+---------+---------+-------
        D:1 |      40 |       0 |   0.0 |      21 |       0 |   0.0
        D:2 |      28 |       0 |   0.0 |      10 |       0 |   0.0
        D:3 |      58 |       0 |   0.0 |      14 |       0 |   0.0
        D:4 |      90 |       0 |   0.0 |       9 |       0 |   0.0
        D:5 |       6 |       0 |   0.0 |       3 |       0 |   0.0
            +---------+---------+-------+---------+---------+-------
